Map: Blueshift LE

Players

MCanning - Winner!

  • Race: Protoss Protoss
  • League: Grandmaster
  • Spawn Location: 7:00

Neeb

  • Race: Protoss Protoss
  • League: Grandmaster
  • Spawn Location: 1:00

Event: Cheeseadelphia 8

VOD

Have the link to the VOD?

Description

Time

  • Played on: Dec. 9, 2018, 9:47 a.m.
  • Length: 6:20

All games in this series

Show
View Real Time Build Order
Export as new Build Order

MCanning Protoss - Winner!

Build Orders: Phoenix Opening 

Get SALT Encoding   

  12  0:00  Probe  
  13  0:12  Probe  
  14  0:17  Pylon  
  14  0:24  Probe  
  15  0:33  Probe  
  15  0:38  Gateway  
  15  0:41  Probe  
  16  0:49  Assimilator  
  17  0:51  Probe  
  17  0:55  Assimilator  
  18  0:59  Probe  
  19  1:07  Probe  
  19  1:10  Gateway  
  20  1:17  Probe  
  20  1:25  Cybernetics Core  
  21  1:29  Probe  
  22  1:36  Pylon  
  22  1:41  Probe  
  23  1:54  Probe  
  26  2:01  Stalker, Sentry  
  26  2:04  Warp Gate  
  28  2:10  Pylon  
  28  2:27  Stalker  
  30  2:39  Stalker  
  32  2:48  Stargate  
  32  3:08  Probe  
  33  3:15  Nexus  
  33  3:17  Pylon  
  33  3:20  Probe  
  33  3:24  Phoenix  
  34  3:29  Pylon  
  34  3:32  Probe  
  37  3:44  Probe, Phoenix  
  37  3:45  Assimilator  
  38  3:50  Twilight Council  
  40  4:04  Probe  
  40  4:06  Phoenix  
  43  4:16  Probe  
  44  4:22  Gateway  
  44  4:28  Probe  
  44  4:30  Dark Shrine  
  45  4:33  Phoenix  
  45  4:37  Probe  
  46  4:43  Probe  
  49  4:54  Phoenix  
  49  4:59  Probe  
  52  5:01  Probe  
  53  5:11  Phoenix  
  53  5:12  Probe  
  53  5:13  Assimilator, Probe  
  54  5:24  Probe  
  54  5:25  Probe  
  56  5:35  Probe  
  56  5:36  Probe  
  56  5:42  Dark Templar x2  
  60  5:43  Probe  
  60  5:48  Probe  
  60  5:49  Pylon  
  64  5:50  Dark Templar  
  64  5:52  Probe  
  67  6:00  Probe  
  70  6:07  Probe  
Show
View Real Time Build Order
Export as new Build Order

Neeb Protoss 

Build Orders: Phoenix Opening, Mass Phoenix 

Get SALT Encoding   

  12  0:00  Probe  
  13  0:12  Probe  
  14  0:17  Pylon  
  14  0:24  Probe  
  15  0:32  Probe  
  15  0:37  Gateway  
  15  0:40  Probe  
  16  0:46  Assimilator  
  17  0:51  Probe  
  17  0:54  Assimilator  
  18  0:59  Probe  
  19  1:06  Gateway  
  19  1:07  Probe  
  19  1:17  Probe  
  20  1:24  Cybernetics Core  
  21  1:29  Probe  
  22  1:34  Pylon  
  22  1:41  Probe  
  23  1:53  Probe  
  24  2:00  Stalker, Sentry  
  24  2:01  Warp Gate  
  28  2:06  Probe  
  29  2:08  Pylon  
  29  2:29  Stargate  
  29  2:34  Phoenix  
  29  2:40  Nexus  
  30  2:44  Probe  
  30  2:52  Stalker  
  30  2:56  Probe  
  35  3:08  Phoenix  
  35  3:11  Probe  
  38  3:23  Probe  
  37  3:28  Pylon  
  37  3:30  Phoenix  
  39  3:46  Probe  
  39  3:47  Assimilator  
  40  3:51  Assimilator, Stargate  
  40  3:52  Probe  
  40  3:55  Phoenix  
  41  3:58  Probe  
  41  4:02  Probe  
  45  4:10  Probe x2  
  45  4:12  Phoenix  
  47  4:18  Probe  
  47  4:22  Probe, Pylon  
  52  4:34  Probe, Phoenix  
  55  4:39  Phoenix  
  55  4:42  Pylon  
  55  4:43  Probe  
  57  4:47  Probe  
  57  4:51  Phoenix  
  58  4:56  Probe  
  61  5:02  Probe, Pylon  
  62  5:13  Fleet Beacon  
  46  5:21  Phoenix  
  62  5:23  Probe x2  
  66  5:31  Phoenix  
  66  5:35  Probe x2  
  70  5:48  Nexus  
  70  5:55  Pylon  
Tags
 
Add a new tag
Caveats
  • Supply blocks, unpowered buildings, or Contaminate may cause inaccurate times.
  • Supply counts are checked every 10 seconds.